 Dungeon Crawl Stone Soup version 0.30-a0-739-gea05faddec (webtiles) character file.

Game seed: 1426782634222220226

7 Pooter the Chopper (level 1, -1/20 HPs)
             Began as a Minotaur Monk on Feb 5, 2023.
             Succumbed to a goblin's poison
             ... on level 1 of the Dungeon.
             The game lasted 00:02:09 (157 turns).

Pooter the Chopper (Minotaur Monk)                   Turns: 157, Time: 00:02:09

Health: -1/20      AC:  2    Str: 13 (15) XL:     1   Next: 91%
Magic:  0/0        EV: 12    Int:  4 (7)  God:
Gold:   11         SH:  0    Dex: 10 (12) Spells: 0/0 levels left

rFire   . . .      SeeInvis .    a - +0 hand axe (venom)
rCold   . . .      Faith    .    (no shield)
rNeg    . . .      Spirit   .    b - +0 robe
rPois   .          Reflect  .    (helmet restricted)
rElec   .          Harm     .    (no cloak)
rCorr   .          Rampage  .    (no gloves)
Will    .....                    (no boots)
Stlth   ++                       (no amulet)
HPRegen 0.23/turn                (no ring)
MPRegen 0.07/turn                (no ring)

@: lethally poisoned (-1 -> -7)
A: horns 2, retaliatory headbutt
a: no special abilities


You were on level 1 of the Dungeon.
You visited 1 branch of the dungeon, and saw 1 of its levels.

You collected 11 gold pieces.

Inventory:

Hand Weapons
 a - a +0 hand axe of venom (weapon)
Missiles
 Q - 8 stones (quivered)
Armour
 b - a +0 robe (worn)


   Skills:
 + Level 3.8 Fighting
 * Level 4.1 Axes
 - Level 3.2 Dodging
 - Level 1.5 Stealth


You couldn't memorise any spells.
You didn't know any spells.
Your spell library contained the following spells:

 Spells                   Type           Power      Damage    Failure   Level
 Cause Fear               Hex            0%         N/A       99%         4
 Dragon Form              Tmut           0%         N/A       100%        7
 Dragon's Call            Summ           0%         N/A       100%        9


Dungeon Overview and Level Annotations

Branches:
Dungeon (1/15)

Altars:


Innate Abilities, Weirdness & Mutations

You have a pair of horns on your head.
You reflexively headbutt those who attack you in melee.


Message History

You are poisoned.
The goblin hits you with a +1 dagger of venom.
You are lethally poisoned!
Unknown command.
You are confused.
You feel invigorated.
You feel very sick. The goblin misses you.
You are too confused!
You miss the goblin.
You feel very sick.
The goblin hits you with a +1 dagger of venom.
You are lethally poisoned!
You feel very sick.
You bump into the rock wall.
You feel very sick.
The goblin hits you with a +1 dagger of venom.
You are lethally poisoned!
You're too confused to move!
You feel less invigorated.
You feel less confused.
You feel very sick. The goblin barely misses you.
You hit the goblin.
You kill the goblin!
* * * LOW HITPOINT WARNING * * *
You feel very sick.
Unknown command.
It was a potion of degeneration.
There was something very wrong with that liquid.
You feel weakened.
You feel dopey.
You feel clumsy.
* * * LOW HITPOINT WARNING * * *
You feel very sick.
Unknown command.
There is a lethal amount of poison in your body!
There is a lethal amount of poison in your body!
As you read the scroll labelled QIUSOE RESMIA, it crumbles to dust.
It is a scroll of brand weapon.
Your +0 hand axe drips with poison.
a - a +0 hand axe of venom (weapon)
* * * LOW HITPOINT WARNING * * *
You feel very sick.
The air fills with toxic fumes!
As you read the scroll labelled WYETUK XAURIT, it crumbles to dust.
It was a scroll of poison.
* * * LOW HITPOINT WARNING * * *
You feel sick.
As you read the scroll labelled XIASAM QOL ERA, it crumbles to dust.
It is a scroll of identify.
You don't currently have any unidentified items.
You die...

#.# #..#
#.# #..##
§# . #.#
#...# §#
.###.#
#.#.###§
..##.####
#.#>##§§
#..#....#
#.#.##§#
.#......#
#.#§##§#
..#†..###
#.#§§#§###
...#...#
#.##§§@§§#
..#....#
#. ##§§§§#
.#.....#
#§§§§#
#......#
#§§§§#
..#....#
######
#......#
###....#
#....#
#....#


There were no monsters in sight!

Vanquished Creatures
  A ball python (D:1)
  2 bats (D:1)
  A goblin (D:1)
  A hobgoblin (D:1)
  A kobold (D:1)
6 creatures vanquished.

Notes
Turn   | Place    | Note
-------+----------+-------------------------------------------
     0 | D:1      | Pooter the Minotaur Monk began the quest for the Orb.
     0 | D:1      | Reached XP level 1. HP: 19/19 MP: 0/0
   121 | D:1      | Reached skill level 4 in Axes
   156 | D:1      | HP: 1/20 [poisoned by a goblin]
   157 | D:1      | Succumbed to a goblin's poison

Illustrated notes

Levels and vault maps discovered:
D:1:      scummos_arrival_hexagon, layout_rooms

Skill      XL: |  1 |
---------------+----+-----
Axes           | 4 |  4.1
Fighting       | |  3.8
Dodging        | |  3.2
Stealth        | |  1.5

Action                     || total
---------------------------++-------
  Melee: Hand axe          ||    11
         Headbutt          ||     2
    Use: Scroll            ||     3
         Potion            ||     2
   Stab: Sleeping          ||     1
 Armour: Robe              ||     1
  Dodge: Dodged            ||     6

Table legend: (Time is in decaauts)
 A = Elapsed time spent in this place.
 B = Non-inter-level travel time spent in this place.
 C = Inter-level travel time spent in this place.
 D = Time resting spent in this place.
 E = Time spent auto-exploring this place.
 F = Levels seen in this place.
 G = Mean time per level.
                   A        B        C        D        E       F      G
               +--------+--------+--------+--------+--------+-----+--------+
         Total |    158 |    158 |      0 |      0 |    100 |   1 |  158.0 |
       Dungeon |    158 |    158 |      0 |      0 |    100 |   1 |  158.0 |
               +--------+--------+--------+--------+--------+-----+--------+

Top non-repeatable levels by time:
     D:1: 158 daAuts
